 Dungeon Crawl Stone Soup version 0.29-a0-830-gcb1280458a (webtiles) character file.

Game seed: 11153080883030372416

16 xian the Sneak (level 2, 0/22 HPs)
             Began as a Naga Wanderer on July 11, 2022.
             Slain by a jackal (2 damage)
             ... on level 1 of the Dungeon.
             The game lasted 00:02:07 (628 turns).

xian the Sneak (Naga Wanderer)                       Turns: 628, Time: 00:02:07

Health: 0/22       AC:  2    Str: 10    XL:     2   Next: 54%
Magic:  5/5        EV:  9    Int: 16    God:
Gold:   0          SH:  0    Dex: 10    Spells: 4/5 levels left

rFire   . . .      SeeInvis +   a - +0 club
rCold   . . .      Faith    .   (no shield)
rNeg    . . .      Spirit   .   d - +0 robe
rPois   +          Reflect  .   b - +0 helmet
rElec   .          Harm     .   (no cloak)
rCorr   .          Rampage  .   (no gloves)
Will    .....                   (no barding)
Stlth   ++........              (no amulet)
HPRegen 0.07/turn               (no ring)
MPRegen 0.09/turn               (no ring)

@: very slow
A: AC +0, large, see invisible, deformed body, poison resistance, slowness 2,
spit poison 1, naga tail 1
a: Spit Poison


You were on level 1 of the Dungeon.
You visited 1 branch of the dungeon, and saw 1 of its levels.

Inventory:

Hand Weapons
 a - a +0 club (weapon)
Armour
 b - a +0 helmet (worn)
 d - a +0 robe (worn)
Scrolls
 c - a scroll of teleportation
 e - 2 scrolls of amnesia {unknown}
 f - a scroll of fog {unknown}
Potions
 g - a potion of flight {unknown}


   Skills:
 + Level 0.6 Maces & Flails
 + Level 4.6 Stealth
 + Level 2.0 Spellcasting
 + Level 4.4 Ice Magic
 + Level 1.0 Invocations


You had 4 spell levels left.
You knew the following spells:

 Your Spells              Type           Power      Damage    Failure   Level
a - Freeze                Ice            60%        1d8       3%          1

Your spell library contained the following spells:

 Spells                   Type           Power      Damage    Failure   Level
 Ozocubu's Armour         Ice            15%        N/A       10%         3
 Summon Ice Beast         Ice/Summ       8%         N/A       63%         4


Dungeon Overview and Level Annotations

Branches:
Dungeon (1/15)

Altars:


Innate Abilities, Weirdness & Mutations

Your serpentine skin is tough. (AC +0)
You have supernaturally acute eyesight. (SInv)
Armour fits poorly on your strangely shaped body.
Your system is resistant to poisons. (rPois)
You cover ground very slowly.
You can spit poison.
You have a snake-like lower body.


Message History

A jackal and a bat come into view.
A jackal comes into view.
The splash of poison hits the jackal!
The jackal is poisoned.
You kill the jackal!
The jackal barks!
A jackal comes into view.
You barely miss the jackal. The jackal closely misses you.
The jackal bites you.
You closely miss the jackal.
You have got your breath back.
The jackal bites you. x2
The jackal barks!
You hit the jackal.
The jackal is lightly wounded.
The jackal completely misses you. The jackal bites you.
You completely miss the jackal.
The jackal is lightly wounded.
The bat hits you but does no damage.
The jackal bites you but does no damage.
The jackal closely misses you. The jackal barely misses you.
The jackal attacks as you move away! The jackal bites you.
The jackal bites you. The jackal barely misses you.
The jackal barely misses you.
You hit the jackal.
The jackal is severely wounded.
The jackal bites you. x2
* * * LOW HITPOINT WARNING * * *
You closely miss the jackal.
The jackal is severely wounded.
The jackal misses you. The jackal closely misses you.
You closely miss the jackal.
The jackal is severely wounded.
The jackal bites you.
* * * LOW HITPOINT WARNING * * *
You closely miss the jackal.
The jackal is severely wounded.
The jackal bites you.
* * * LOW HITPOINT WARNING * * *
The jackal bites you.
You die...

..#.# .#.#
... # #.#
###..##b###
.........b#
....#####h#
. #h# #@#
#.# #.# #.#
#.# .#
###.#######
.######
#..........
.♣≈≈≈≈#
#.####.####
.♣...≈# #.#
#.#


You could see 2 jackals and a bat.

Vanquished Creatures
  2 endoplasms (D:1)
  3 goblins (D:1)
  2 hobgoblins (D:1)
  3 jackals (D:1)
  A ball python (D:1)
  A frilled lizard (D:1)
  A rat (D:1)
13 creatures vanquished.

Vanquished Creatures (others)
  5 toadstools (D:1)
5 creatures vanquished.

Grand Total: 18 creatures vanquished

Notes
Turn   | Place    | Note
-------+----------+-------------------------------------------
     0 | D:1      | xian the Naga Wanderer began the quest for the Orb.
     0 | D:1      | xian set off with the following items: a +0 club, a +0
                  | helmet, a scroll of teleportation, a +0 robe, a potion of
                  | curing; and the following spell memorised: Freeze; and the
                  | following spells available to memorise: Ozocubu's Armour,
                  | Summon Ice Beast.
     0 | D:1      | Reached XP level 1. HP: 15/15 MP: 3/3
   239 | D:1      | Reached XP level 2. HP: 22/22 MP: 5/5
   628 | D:1      | Slain by a jackal

Illustrated notes

Levels and vault maps discovered:
D:1:      ldierk_walled_garden, layout_loops_ring,
          dreamdust_ecumenical_altar_hidden_monk_grotto, minmay_door_square

Action                   || total
-------------------------++-------
Melee: Club              ||    39
       Punch             ||     1
 Abil: Spit Poison       ||     9
  Use: Potion            ||     1
Armor: Robe              ||    13
Dodge: Dodged            ||    29

Table legend: (Time is in decaauts)
 A = Elapsed time spent in this place.
 B = Non-inter-level travel time spent in this place.
 C = Inter-level travel time spent in this place.
 D = Time resting spent in this place.
 E = Time spent auto-exploring this place.
 F = Levels seen in this place.
 G = Mean time per level.
                   A        B        C        D        E       F      G
               +--------+--------+--------+--------+--------+-----+--------+
         Total |    735 |    735 |      0 |      0 |    578 |   1 |  735.0 |
       Dungeon |    735 |    735 |      0 |      0 |    578 |   1 |  735.0 |
               +--------+--------+--------+--------+--------+-----+--------+

Top non-repeatable levels by time:
     D:1: 735 daAuts
